[ PARTIDA AOE2 · #483569739 ]
UnrankedPersas vs Britons
[ ANÁLISIS DE REPETICIÓN · EXTRAÍDO DE LA PARTIDA GRABADA ]
Feudal
11:13
Castillos
18:08
Imperial
35:20
| APM promedio | 19.5 |
| APM pico | 50 |
| eAPM promedio | 13.8 |
| Aldeanos / militares | 182 / 80 |
Foco
⚔️ 10.6% · 🌾 89.4%
War Elephant ×80 · Trade Cart ×31
Feudal
13:05
Castillos
18:36
Imperial
—
| APM promedio | 13.7 |
| APM pico | 37 |
| eAPM promedio | 11.4 |
| Aldeanos / militares | 108 / 55 |
Foco
⚔️ 19.2% · 🌾 80.8%
Spearman ×37 · Scorpion ×11 · Knight ×5 · Monk ×1 · Mangonel ×1
Feudal
11:28
Castillos
15:12
Imperial
29:46
| APM promedio | 33.3 |
| APM pico | 74 |
| eAPM promedio | 20.4 |
| Aldeanos / militares | 153 / 160 |
Foco
⚔️ 28.4% · 🌾 71.6%
Battle Elephant ×142 · Armored Elephant ×17 · Monk ×1
Feudal
12:28
Castillos
17:57
Imperial
—
| APM promedio | 13.0 |
| APM pico | 45 |
| eAPM promedio | 11.1 |
| Aldeanos / militares | 112 / 42 |
Foco
⚔️ 15.7% · 🌾 84.3%
Skirmisher ×33 · Spearman ×4 · Genoese Crossbowman ×4 · Monk ×1
Feudal
11:46
Castillos
18:27
Imperial
33:02
| APM promedio | 18.8 |
| APM pico | 52 |
| eAPM promedio | 12.1 |
| Aldeanos / militares | 123 / 73 |
Foco
⚔️ 20.9% · 🌾 79.1%
Longbowman ×61 · Trade Cart ×11 · Spearman ×5 · Archer ×3 · Trebuchet (Packed) ×3 · Monk ×1
Feudal
10:17
Castillos
16:18
Imperial
24:41
| APM promedio | 38.4 |
| APM pico | 70 |
| eAPM promedio | 19.6 |
| Aldeanos / militares | 71 / 125 |
Foco
⚔️ 34.6% · 🌾 65.4%
Scout Cavalry ×91 · Hand Cannoneer ×30 · Bombard Cannon ×3 · Monk ×1
Feudal
10:24
Castillos
24:00
Imperial
—
| APM promedio | 13.0 |
| APM pico | 34 |
| eAPM promedio | 10.1 |
| Aldeanos / militares | 64 / 138 |
Foco
⚔️ 32.8% · 🌾 67.2%
Spearman ×111 · Militia ×11 · Archer ×11 · Skirmisher ×5 · Trade Cart ×5
Feudal
11:28
Castillos
16:47
Imperial
29:41
| APM promedio | 21.3 |
| APM pico | 39 |
| eAPM promedio | 18.4 |
| Aldeanos / militares | 263 / 397 |
Foco
⚔️ 22.7% · 🌾 77.3%
Spearman ×350 · Knight ×46 · Trade Cart ×31 · Monk ×1
Mapa de la partida
Recursos iniciales + cada clic de construcción. Líneas = muros · curvas = relieve. ◆ oro · ⬟ piedra · ● bayas · ✦ reliquia · ◌ hueco del cierre
Tu base· Abierta — el rival se encerró
Base de SEGETT33· ✓ Cerrada en 18:36 · 104t muro · 4 puerta(s)
Base de jfds· ✓ Cerrada en 15:12 · 8t muro · sin puerta
Base de caner· ✓ Cerrada en 17:57 · 0t muro · sin puerta
Base de Heini· ✓ Cerrada en 18:27 · 6t muro · sin puerta
Base de Bordie· Abierta — el rival se encerró
Base de Squid· Abierta — el rival se encerró
Base de TheHam· Abierta — el rival se encerró
Terreno inicial suavizado · ◌ = hueco del cierre detectado · pasá el cursor para detalles
Inputs por minuto
— Actionmah - - SEGETT33
Build order — Actionmah
Primeras 150 de 423 acciones detectadas
| 0:02 | Crear | Villager (Male) |
| 0:02 | Investigar | Loom |
| 0:03 | Crear | Villager (Male) |
| 0:03 | Crear | Villager (Male) |
| 0:03 | Crear | Villager (Male) |
| 0:03 | Crear | Villager (Male) |
| 0:07 | Construir | House |
| 0:09 | Construir | House |
| 0:14 | Construir | House |
| 0:15 | Construir | House |
| 0:17 | Construir | Lumber Camp |
| 1:46 | Crear | Villager (Male) |
| 2:19 | Crear | Villager (Male) |
| 2:35 | Crear | Villager (Male) |
| 3:18 | Crear | Villager (Male) |
| 3:18 | Crear | Villager (Male) |
| 3:50 | Crear | Villager (Male) |
| 4:39 | Crear | Villager (Male) |
| 4:54 | Crear | Villager (Male) |
| 5:24 | Crear | Villager (Male) |
| 5:24 | Crear | Villager (Male) |
| 5:42 | Construir | Mill |
| 5:45 | Crear | Villager (Male) |
| 5:46 | Crear | Villager (Male) |
| 5:46 | Crear | Villager (Male) |
| 6:10 | Crear | Villager (Male) |
| 6:51 | Construir | House |
| 7:49 | Crear | Villager (Male) |
| 7:50 | Crear | Villager (Male) |
| 8:03 | Construir | Mining Camp |
| 8:44 | Crear | Villager (Male) |
| 9:08 | Investigar | Feudal Age |
| 9:24 | Crear | Villager (Male) |
| 10:43 | Construir | Lumber Camp |
| 10:49 | Construir | Farm |
| 10:52 | Construir | Farm |
| 10:55 | Construir | House |
| 10:56 | Construir | House |
| 11:00 | Crear | Villager (Male) |
| 11:01 | Crear | Villager (Male) |
| 11:13 | Edad | Edad Feudal |
| 11:15 | Construir | House |
| 11:22 | Construir | Blacksmith |
| 11:27 | Investigar | Double-Bit Axe |
| 11:49 | Investigar | Horse Collar |
| 12:16 | Crear | Villager (Male) |
| 12:16 | Crear | Villager (Male) |
| 12:26 | Construir | Farm |
| 12:36 | Construir | Market |
| 12:40 | Crear | Villager (Male) |
| 12:47 | Construir | Farm |
| 13:12 | Construir | Farm |
| 13:15 | Construir | Farm |
| 13:24 | Crear | Villager (Male) |
| 13:41 | Construir | Farm |
| 13:53 | Crear | Villager (Male) |
| 13:56 | Construir | Farm |
| 14:26 | Crear | Villager (Male) |
| 14:31 | Construir | Farm |
| 14:35 | Crear | Villager (Male) |
| 15:18 | Crear | Villager (Male) |
| 15:21 | Construir | Farm |
| 15:22 | Construir | Farm |
| 15:26 | Construir | Farm |
| 15:28 | Construir | Farm |
| 15:32 | Construir | Farm |
| 15:42 | Investigar | Castle Age |
| 15:45 | Construir | Farm |
| 15:48 | Crear | Villager (Male) |
| 16:30 | Construir | Farm |
| 16:34 | Crear | Villager (Male) |
| 16:44 | Investigar | Gold Mining |
| 16:48 | Investigar | Stone Mining |
| 16:51 | Crear | Villager (Male) |
| 17:28 | Investigar | Fletching |
| 17:42 | Investigar | Scale Barding Armor |
| 18:08 | Edad | Edad de los Castillos |
| 18:11 | Construir | Town Center |
| 18:15 | Crear | Villager (Male) |
| 18:24 | Crear | Villager (Male) |
| 18:35 | Construir | House |
| 18:36 | Construir | House |
| 18:37 | Construir | House |
| 18:37 | Construir | House |
| 18:39 | Construir | House |
| 18:40 | Construir | House |
| 18:41 | Construir | House |
| 18:43 | Construir | House |
| 18:44 | Construir | House |
| 18:44 | Construir | House |
| 18:45 | Construir | House |
| 18:50 | Crear | Villager (Male) |
| 18:59 | Construir | Town Center |
| 19:06 | Crear | Villager (Male) |
| 19:10 | Investigar | Heavy Plow |
| 19:12 | Investigar | Bow Saw |
| 19:18 | Crear | Villager (Male) |
| 19:41 | Crear | Villager (Male) |
| 20:17 | Construir | Town Center |
| 20:27 | Crear | Villager (Male) |
| 20:28 | Crear | Villager (Male) |
| 20:28 | Crear | Villager (Male) |
| 20:28 | Crear | Villager (Male) |
| 20:29 | Crear | Villager (Male) |
| 20:35 | Crear | Villager (Male) |
| 20:35 | Crear | Villager (Male) |
| 20:36 | Crear | Villager (Male) |
| 20:37 | Crear | Villager (Male) |
| 20:38 | Crear | Villager (Male) |
| 21:08 | Construir | Mining Camp |
| 21:15 | Crear | Villager (Male) |
| 21:15 | Crear | Villager (Male) |
| 21:15 | Crear | Villager (Male) |
| 21:15 | Crear | Villager (Male) |
| 21:25 | Crear | Villager (Male) |
| 21:28 | Crear | Villager (Male) |
| 21:57 | Construir | Farm |
| 21:59 | Construir | Farm |
| 22:02 | Construir | Farm |
| 22:05 | Construir | Farm |
| 22:08 | Construir | Farm |
| 22:10 | Crear | Villager (Male) |
| 22:10 | Crear | Villager (Male) |
| 22:10 | Crear | Villager (Male) |
| 22:11 | Crear | Villager (Male) |
| 22:11 | Crear | Villager (Male) |
| 22:18 | Construir | House |
| 22:19 | Construir | House |
| 22:20 | Construir | House |
| 22:20 | Construir | House |
| 22:21 | Construir | House |
| 22:22 | Construir | House |
| 22:25 | Construir | Farm |
| 22:27 | Construir | Farm |
| 22:30 | Construir | Farm |
| 22:32 | Construir | Farm |
| 22:36 | Construir | Farm |
| 22:40 | Construir | Farm |
| 22:43 | Crear | Villager (Male) |
| 22:43 | Crear | Villager (Male) |
| 22:43 | Crear | Villager (Male) |
| 22:47 | Crear | Villager (Male) |
| 23:06 | Crear | Villager (Male) |
| 23:06 | Crear | Villager (Male) |
| 23:07 | Crear | Villager (Male) |
| 23:10 | Crear | Villager (Male) |
| 23:27 | Construir | Farm |
| 23:30 | Construir | Farm |
| 23:31 | Construir | Farm |
| 23:34 | Construir | Farm |
Build order — SEGETT33
Primeras 150 de 288 acciones detectadas
| 0:01 | Crear | Villager (Male) |
| 0:01 | Crear | Villager (Male) |
| 0:01 | Crear | Villager (Male) |
| 0:01 | Crear | Villager (Male) |
| 0:04 | Construir | House |
| 0:08 | Construir | House |
| 0:33 | Construir | House |
| 0:35 | Construir | House |
| 0:36 | Construir | House |
| 0:51 | Crear | Villager (Male) |
| 0:51 | Crear | Villager (Male) |
| 0:52 | Investigar | Loom |
| 1:34 | Crear | Villager (Male) |
| 2:05 | Construir | Palisade Wall |
| 2:37 | Crear | Villager (Male) |
| 2:37 | Crear | Villager (Male) |
| 2:50 | Construir | Palisade Gate |
| 3:07 | Crear | Villager (Male) |
| 3:08 | Crear | Villager (Male) |
| 3:55 | Construir | House |
| 3:56 | Crear | Villager (Male) |
| 3:56 | Crear | Villager (Male) |
| 4:23 | Crear | Villager (Male) |
| 4:24 | Crear | Villager (Male) |
| 4:24 | Crear | Villager (Male) |
| 4:24 | Crear | Villager (Male) |
| 4:45 | Construir | House |
| 4:46 | Crear | Villager (Male) |
| 4:47 | Crear | Villager (Male) |
| 4:47 | Crear | Villager (Male) |
| 5:32 | Crear | Villager (Male) |
| 5:32 | Crear | Villager (Male) |
| 5:32 | Crear | Villager (Male) |
| 6:00 | Construir | House |
| 6:40 | Construir | Mill |
| 6:57 | Construir | Mining Camp |
| 7:20 | Crear | Villager (Male) |
| 8:14 | Crear | Villager (Male) |
| 8:14 | Crear | Villager (Male) |
| 8:15 | Crear | Villager (Male) |
| 8:15 | Crear | Villager (Male) |
| 8:38 | Crear | Villager (Male) |
| 8:39 | Crear | Villager (Male) |
| 8:39 | Crear | Villager (Male) |
| 8:39 | Crear | Villager (Male) |
| 8:39 | Crear | Villager (Male) |
| 10:38 | Investigar | Feudal Age |
| 11:50 | Construir | Lumber Camp |
| 12:11 | Crear | Villager (Male) ×5 |
| 12:32 | Construir | Mining Camp |
| 13:05 | Edad | Edad Feudal |
| 14:05 | Construir | Blacksmith |
| 14:21 | Construir | Farm |
| 14:49 | Crear | Villager (Male) |
| 14:49 | Crear | Villager (Male) |
| 15:07 | Construir | Market |
| 15:34 | Construir | Farm |
| 15:44 | Crear | Villager (Male) |
| 15:52 | Construir | Farm |
| 16:05 | Construir | Farm |
| 16:11 | Investigar | Castle Age |
| 16:16 | Construir | Farm |
| 16:29 | Construir | Farm |
| 16:47 | Construir | Farm |
| 16:58 | Construir | Farm |
| 17:09 | Construir | Farm |
| 17:15 | Investigar | Double-Bit Axe |
| 17:27 | Investigar | Horse Collar |
| 17:41 | Construir | Stone Wall |
| 17:54 | Construir | Gate |
| 18:09 | Construir | Stone Wall |
| 18:14 | Construir | Stone Wall |
| 18:19 | Construir | Gate |
| 18:20 | Construir | Gate |
| 18:25 | Investigar | Stone Mining |
| 18:28 | Investigar | Gold Mining |
| 18:31 | Crear | Villager (Male) ×4 |
| 18:36 | Edad | Edad de los Castillos |
| 18:40 | Construir | Farm |
| 18:41 | Construir | Farm |
| 18:42 | Construir | Farm |
| 18:43 | Construir | Farm |
| 19:18 | Investigar | Heavy Plow |
| 20:01 | Investigar | Bow Saw |
| 20:12 | Construir | Farm |
| 20:13 | Construir | Farm |
| 20:14 | Construir | Farm |
| 20:18 | Crear | Villager (Male) |
| 20:27 | Crear | Villager (Male) |
| 20:41 | Construir | House |
| 20:42 | Construir | House |
| 20:43 | Construir | House |
| 20:44 | Construir | House |
| 20:45 | Construir | House |
| 20:46 | Construir | House |
| 20:57 | Crear | Villager (Male) |
| 20:57 | Crear | Villager (Male) |
| 21:05 | Construir | Farm |
| 21:07 | Construir | Farm |
| 21:08 | Construir | Farm |
| 21:09 | Construir | Farm |
| 21:14 | Crear | Villager (Male) |
| 21:42 | Investigar | Stone Shaft Mining |
| 21:56 | Crear | Villager (Male) |
| 22:16 | Construir | Town Center |
| 22:21 | Crear | Villager (Male) |
| 22:35 | Investigar | Gold Shaft Mining |
| 22:49 | Crear | Villager (Male) |
| 22:55 | Construir | Farm |
| 22:56 | Construir | Farm |
| 23:05 | Construir | Farm |
| 23:09 | Crear | Villager (Male) |
| 23:13 | Crear | Villager (Male) |
| 23:15 | Crear | Villager (Male) |
| 23:26 | Crear | Villager (Male) |
| 23:34 | Construir | Farm |
| 23:35 | Construir | Farm |
| 23:51 | Construir | House |
| 23:52 | Construir | House |
| 23:53 | Construir | House |
| 23:55 | Construir | House |
| 24:05 | Crear | Villager (Male) |
| 24:05 | Crear | Villager (Male) |
| 24:06 | Crear | Villager (Male) |
| 24:06 | Crear | Villager (Male) |
| 24:16 | Construir | Farm |
| 24:21 | Construir | Farm |
| 24:28 | Crear | Villager (Male) |
| 24:31 | Investigar | Wheelbarrow |
| 24:35 | Crear | Villager (Male) |
| 24:51 | Crear | Villager (Male) |
| 24:52 | Crear | Villager (Male) |
| 24:54 | Crear | Villager (Male) |
| 25:02 | Construir | Town Center |
| 25:20 | Crear | Villager (Male) |
| 25:20 | Crear | Villager (Male) |
| 25:29 | Construir | Monastery |
| 25:36 | Crear | Villager (Male) |
| 25:36 | Crear | Villager (Male) |
| 25:37 | Crear | Villager (Male) |
| 25:55 | Crear | Villager (Male) |
| 25:55 | Crear | Villager (Male) |
| 25:55 | Crear | Villager (Male) |
| 26:15 | Crear | Monk |
| 26:23 | Construir | House |
| 26:23 | Construir | House |
| 26:23 | Construir | House |
| 26:24 | Construir | House |
| 26:24 | Construir | House |
| 26:24 | Construir | House |
Build order — jfds
Primeras 150 de 538 acciones detectadas
| 0:00 | Crear | Villager (Male) |
| 0:01 | Crear | Villager (Male) |
| 0:03 | Construir | House |
| 0:04 | Construir | House |
| 0:14 | Crear | Villager (Male) |
| 0:14 | Crear | Villager (Male) |
| 1:29 | Crear | Villager (Male) |
| 1:56 | Construir | Lumber Camp |
| 1:59 | Crear | Villager (Male) |
| 2:16 | Crear | Villager (Male) |
| 2:58 | Crear | Villager (Male) |
| 3:02 | Construir | House |
| 3:23 | Crear | Villager (Male) |
| 3:51 | Crear | Villager (Male) |
| 4:02 | Crear | Villager (Male) |
| 4:02 | Crear | Villager (Male) |
| 4:39 | Construir | House |
| 4:49 | Crear | Villager (Male) |
| 4:49 | Crear | Villager (Male) |
| 5:11 | Crear | Villager (Male) |
| 5:11 | Crear | Villager (Male) |
| 5:48 | Crear | Villager (Male) |
| 5:48 | Crear | Villager (Male) |
| 5:48 | Crear | Villager (Male) |
| 6:05 | Crear | Villager (Male) |
| 6:13 | Construir | Palisade Wall |
| 6:25 | Construir | Mill |
| 7:21 | Construir | House |
| 7:30 | Crear | Villager (Male) |
| 7:47 | Crear | Villager (Male) |
| 8:04 | Construir | Mining Camp |
| 8:24 | Crear | Villager (Male) |
| 8:53 | Crear | Villager (Male) |
| 9:10 | Investigar | Feudal Age |
| 10:32 | Crear | Villager (Male) |
| 10:32 | Crear | Villager (Male) |
| 10:44 | Construir | Farm |
| 10:46 | Construir | Farm |
| 11:28 | Edad | Edad Feudal |
| 11:33 | Construir | Market |
| 11:36 | Construir | Blacksmith |
| 12:32 | Investigar | Castle Age |
| 13:49 | Construir | House |
| 15:04 | Investigar | Double-Bit Axe |
| 15:07 | Investigar | Horse Collar |
| 15:12 | Investigar | Wheelbarrow |
| 15:12 | Edad | Edad de los Castillos |
| 15:18 | Construir | Town Center |
| 15:36 | Crear | Villager (Male) |
| 16:22 | Construir | Town Center |
| 16:26 | Investigar | Bow Saw |
| 16:27 | Crear | Villager (Male) |
| 16:27 | Crear | Villager (Male) |
| 16:43 | Crear | Villager (Male) |
| 16:51 | Construir | Farm |
| 16:52 | Construir | Farm |
| 16:55 | Construir | Farm |
| 16:59 | Construir | Farm |
| 17:02 | Crear | Villager (Male) |
| 17:02 | Crear | Villager (Male) |
| 17:05 | Construir | House |
| 17:06 | Construir | House |
| 17:10 | Crear | Villager (Male) |
| 17:13 | Construir | Farm |
| 17:23 | Construir | Farm |
| 17:25 | Crear | Villager (Male) |
| 17:34 | Construir | Farm |
| 17:49 | Construir | Monastery |
| 17:55 | Construir | Farm |
| 17:56 | Construir | Farm |
| 17:57 | Construir | Farm |
| 17:58 | Construir | Farm |
| 18:00 | Crear | Villager (Male) |
| 18:00 | Crear | Villager (Male) |
| 18:07 | Construir | Farm |
| 18:11 | Construir | House |
| 18:13 | Construir | House |
| 18:19 | Crear | Villager (Male) |
| 18:19 | Crear | Villager (Male) |
| 18:20 | Crear | Villager (Male) |
| 18:27 | Construir | Farm |
| 18:27 | Construir | Farm |
| 18:32 | Construir | Farm |
| 18:34 | Crear | Villager (Male) |
| 18:34 | Crear | Villager (Male) |
| 18:38 | Crear | Monk |
| 18:44 | Crear | Villager (Male) |
| 18:49 | Construir | House |
| 18:50 | Construir | House |
| 18:55 | Construir | Farm |
| 18:57 | Crear | Villager (Male) |
| 19:01 | Construir | Farm |
| 19:04 | Construir | Farm |
| 19:04 | Construir | Farm |
| 19:06 | Crear | Villager (Male) |
| 19:06 | Crear | Villager (Male) |
| 19:11 | Construir | Farm |
| 19:14 | Construir | Farm |
| 19:17 | Construir | Farm |
| 19:18 | Crear | Villager (Male) |
| 19:18 | Crear | Villager (Male) |
| 19:25 | Construir | Farm |
| 19:30 | Construir | Farm |
| 19:31 | Crear | Villager (Male) |
| 19:31 | Crear | Villager (Male) |
| 19:31 | Crear | Villager (Male) |
| 19:43 | Construir | Farm |
| 19:49 | Construir | Farm |
| 19:49 | Crear | Villager (Male) |
| 19:50 | Crear | Villager (Male) |
| 19:54 | Construir | House |
| 19:56 | Construir | House |
| 19:57 | Construir | House |
| 19:59 | Crear | Villager (Male) |
| 20:01 | Crear | Villager (Male) |
| 20:09 | Crear | Villager (Male) |
| 20:15 | Construir | Farm |
| 20:17 | Crear | Villager (Male) |
| 20:17 | Crear | Villager (Male) |
| 20:17 | Crear | Villager (Male) |
| 20:22 | Construir | Farm |
| 20:24 | Crear | Villager (Male) |
| 20:24 | Crear | Villager (Male) |
| 20:27 | Construir | Lumber Camp |
| 20:31 | Crear | Villager (Male) |
| 20:38 | Crear | Villager (Male) |
| 20:39 | Crear | Villager (Male) |
| 20:39 | Crear | Villager (Male) |
| 20:47 | Crear | Villager (Male) |
| 20:51 | Investigar | Town Watch |
| 21:10 | Construir | Town Center |
| 21:12 | Crear | Villager (Male) |
| 21:12 | Crear | Villager (Male) |
| 21:12 | Crear | Villager (Male) |
| 21:14 | Construir | Farm |
| 21:15 | Construir | Farm |
| 21:19 | Crear | Villager (Male) |
| 21:19 | Crear | Villager (Male) |
| 21:27 | Investigar | Heavy Plow |
| 21:30 | Construir | House |
| 21:31 | Construir | House |
| 21:44 | Crear | Villager (Male) |
| 21:44 | Crear | Villager (Male) |
| 21:44 | Crear | Villager (Male) |
| 21:50 | Construir | Farm |
| 21:51 | Construir | Farm |
| 21:56 | Construir | Mill |
| 22:00 | Crear | Villager (Male) |
| 22:00 | Crear | Villager (Male) |
| 22:04 | Construir | Farm |
Build order — caner
Primeras 150 de 246 acciones detectadas
| 0:08 | Construir | House |
| 0:11 | Construir | House |
| 0:12 | Construir | House |
| 0:13 | Crear | Villager (Male) |
| 0:14 | Crear | Villager (Male) |
| 0:14 | Crear | Villager (Male) |
| 0:14 | Crear | Villager (Male) |
| 1:51 | Crear | Villager (Male) |
| 1:51 | Crear | Villager (Male) |
| 1:51 | Crear | Villager (Male) |
| 1:58 | Construir | Lumber Camp |
| 2:02 | Investigar | Loom |
| 2:21 | Crear | Villager (Male) |
| 2:34 | Crear | Villager (Male) |
| 3:07 | Crear | Villager (Male) |
| 3:08 | Crear | Villager (Male) |
| 3:27 | Crear | Villager (Male) |
| 3:28 | Crear | Villager (Male) |
| 3:54 | Construir | House |
| 3:56 | Construir | House |
| 4:03 | Crear | Villager (Male) |
| 4:15 | Crear | Villager (Male) |
| 4:50 | Crear | Villager (Male) |
| 5:05 | Crear | Villager (Male) |
| 5:30 | Crear | Villager (Male) |
| 5:31 | Crear | Villager (Male) |
| 5:35 | Crear | Villager (Male) |
| 5:40 | Crear | Villager (Male) |
| 5:40 | Crear | Villager (Male) |
| 6:13 | Crear | Villager (Male) |
| 6:13 | Crear | Villager (Male) |
| 6:19 | Crear | Villager (Male) |
| 6:36 | Crear | Villager (Male) |
| 6:55 | Construir | Mill |
| 6:59 | Crear | Villager (Male) |
| 7:40 | Investigar | Loom |
| 8:25 | Crear | Villager (Male) |
| 8:40 | Crear | Villager (Male) |
| 9:32 | Investigar | Feudal Age |
| 10:24 | Construir | Mining Camp |
| 11:12 | Construir | House |
| 11:14 | Construir | House |
| 12:17 | Construir | House |
| 12:28 | Edad | Edad Feudal |
| 12:50 | Construir | House |
| 13:05 | Construir | Lumber Camp |
| 13:52 | Construir | House |
| 13:53 | Construir | House |
| 14:01 | Construir | Market |
| 14:29 | Construir | Blacksmith |
| 15:17 | Investigar | Castle Age |
| 15:39 | Investigar | Double-Bit Axe |
| 15:42 | Investigar | Horse Collar |
| 17:57 | Edad | Edad de los Castillos |
| 18:00 | Construir | Town Center |
| 18:03 | Crear | Villager (Male) |
| 18:04 | Crear | Villager (Male) |
| 18:04 | Crear | Villager (Male) |
| 18:04 | Crear | Villager (Male) |
| 18:05 | Crear | Villager (Male) |
| 18:31 | Construir | Farm |
| 18:33 | Crear | Villager (Male) |
| 18:59 | Construir | Farm |
| 19:04 | Crear | Villager (Male) |
| 19:05 | Crear | Villager (Male) |
| 19:22 | Construir | Farm |
| 19:33 | Construir | Farm |
| 19:45 | Construir | Town Center |
| 19:51 | Construir | Farm |
| 19:53 | Crear | Villager (Male) |
| 20:00 | Construir | Farm |
| 20:02 | Crear | Villager (Male) |
| 20:02 | Crear | Villager (Male) |
| 20:12 | Construir | Farm |
| 20:15 | Crear | Villager (Male) |
| 20:16 | Crear | Villager (Male) |
| 20:30 | Crear | Villager (Male) |
| 20:33 | Construir | Farm |
| 20:35 | Crear | Villager (Male) |
| 20:37 | Construir | Farm |
| 20:58 | Crear | Villager (Male) |
| 21:00 | Construir | Farm |
| 21:01 | Crear | Villager (Male) |
| 21:06 | Construir | Farm |
| 21:07 | Crear | Villager (Male) |
| 21:16 | Crear | Villager (Male) |
| 21:19 | Construir | Farm |
| 21:25 | Crear | Villager (Male) |
| 21:35 | Construir | Farm |
| 21:38 | Crear | Villager (Male) |
| 21:41 | Crear | Villager (Male) |
| 21:46 | Construir | Farm |
| 22:14 | Construir | Castle |
| 22:19 | Investigar | Bow Saw |
| 22:24 | Crear | Villager (Male) |
| 22:29 | Construir | Farm |
| 22:34 | Crear | Villager (Male) |
| 22:49 | Construir | Town Center |
| 22:55 | Crear | Villager (Male) |
| 22:55 | Crear | Villager (Male) |
| 22:55 | Crear | Villager (Male) |
| 23:17 | Construir | Farm |
| 23:21 | Construir | Farm |
| 23:23 | Construir | Farm |
| 23:25 | Construir | Farm |
| 23:28 | Construir | Farm |
| 23:31 | Construir | Farm |
| 23:33 | Crear | Villager (Male) |
| 23:33 | Crear | Villager (Male) |
| 23:39 | Construir | Farm |
| 23:56 | Crear | Villager (Male) |
| 23:56 | Crear | Villager (Male) |
| 24:02 | Construir | Farm |
| 24:07 | Construir | Farm |
| 24:09 | Crear | Villager (Male) |
| 24:09 | Crear | Villager (Male) |
| 24:09 | Crear | Villager (Male) |
| 24:10 | Crear | Villager (Male) |
| 24:39 | Construir | Town Center |
| 24:52 | Crear | Villager (Male) |
| 24:53 | Crear | Villager (Male) |
| 25:15 | Construir | Barracks |
| 25:18 | Crear | Villager (Male) |
| 25:19 | Crear | Villager (Male) |
| 25:19 | Crear | Villager (Male) |
| 25:23 | Construir | Farm |
| 25:26 | Crear | Villager (Male) |
| 25:27 | Crear | Villager (Male) |
| 25:40 | Construir | Monastery |
| 25:51 | Crear | Villager (Male) |
| 25:54 | Construir | House |
| 25:58 | Construir | House |
| 25:59 | Construir | House |
| 26:00 | Construir | House |
| 26:05 | Construir | Archery Range |
| 26:11 | Investigar | Fletching |
| 26:11 | Investigar | Padded Archer Armor |
| 26:13 | Crear | Villager (Male) |
| 26:13 | Crear | Villager (Male) |
| 26:13 | Crear | Villager (Male) |
| 26:14 | Construir | Farm |
| 26:16 | Construir | Farm |
| 26:18 | Construir | Farm |
| 26:20 | Construir | Farm |
| 26:22 | Crear | Villager (Male) |
| 26:22 | Crear | Villager (Male) |
| 26:22 | Crear | Villager (Male) |
| 26:31 | Crear | Monk |
| 26:34 | Construir | Farm |
| 26:35 | Construir | Farm |
Build order — Heini
Primeras 150 de 271 acciones detectadas
| 0:01 | Crear | Villager (Male) |
| 0:01 | Crear | Villager (Male) |
| 0:02 | Crear | Villager (Male) |
| 0:03 | Construir | House |
| 0:04 | Construir | House |
| 0:24 | Crear | Villager (Male) |
| 1:34 | Crear | Villager (Male) |
| 1:50 | Construir | Lumber Camp |
| 2:31 | Crear | Villager (Male) |
| 2:31 | Crear | Villager (Male) |
| 2:31 | Crear | Villager (Male) |
| 2:59 | Crear | Villager (Male) |
| 3:08 | Crear | Villager (Male) |
| 3:57 | Construir | House |
| 4:01 | Crear | Villager (Male) |
| 4:01 | Crear | Villager (Male) |
| 4:06 | Crear | Villager (Male) |
| 4:43 | Construir | Mill |
| 5:41 | Crear | Villager (Male) |
| 5:41 | Crear | Villager (Male) |
| 5:41 | Crear | Villager (Male) |
| 6:00 | Crear | Villager (Male) |
| 6:01 | Crear | Villager (Male) |
| 6:22 | Construir | Lumber Camp |
| 6:26 | Crear | Villager (Male) |
| 6:26 | Crear | Villager (Male) |
| 6:33 | Construir | House |
| 6:48 | Crear | Villager (Male) |
| 7:25 | Crear | Villager (Male) |
| 7:25 | Crear | Villager (Male) |
| 7:57 | Construir | Mining Camp |
| 8:01 | Crear | Villager (Male) |
| 8:02 | Crear | Villager (Male) |
| 8:02 | Crear | Villager (Male) |
| 8:27 | Construir | House |
| 9:07 | Construir | Farm |
| 9:12 | Investigar | Feudal Age |
| 9:26 | Construir | Farm |
| 9:43 | Crear | Villager (Male) |
| 9:44 | Crear | Villager (Male) |
| 10:10 | Construir | Mill |
| 10:21 | Crear | Villager (Male) |
| 10:29 | Construir | Farm |
| 10:51 | Construir | Palisade Wall |
| 11:05 | Crear | Villager (Male) |
| 11:11 | Construir | House |
| 11:46 | Edad | Edad Feudal |
| 12:02 | Construir | Blacksmith |
| 12:15 | Crear | Villager (Male) |
| 12:19 | Investigar | Double-Bit Axe |
| 13:06 | Construir | Market |
| 13:34 | Construir | Farm |
| 13:40 | Crear | Villager (Male) |
| 14:03 | Construir | Mill |
| 14:14 | Crear | Villager (Male) |
| 14:23 | Investigar | Horse Collar |
| 14:44 | Crear | Villager (Male) |
| 14:46 | Investigar | Loom |
| 14:50 | Crear | Villager (Male) |
| 15:00 | Construir | Farm |
| 15:15 | Investigar | Loom |
| 15:47 | Investigar | Castle Age |
| 15:57 | Construir | Mining Camp |
| 16:20 | Construir | Barracks |
| 16:48 | Construir | House |
| 16:53 | Crear | Villager (Male) |
| 17:05 | Investigar | Gold Mining |
| 17:07 | Investigar | Stone Mining |
| 17:10 | Investigar | Horse Collar |
| 17:32 | Crear | Villager (Male) |
| 17:38 | Crear | Villager (Male) |
| 17:46 | Construir | House |
| 18:27 | Edad | Edad de los Castillos |
| 18:28 | Construir | Archery Range |
| 18:38 | Construir | Town Center |
| 19:04 | Construir | Town Center |
| 19:06 | Crear | Villager (Male) |
| 19:30 | Construir | House |
| 20:07 | Construir | Stone Wall |
| 20:14 | Construir | Gate |
| 20:20 | Crear | Villager (Male) |
| 20:20 | Crear | Villager (Male) |
| 20:21 | Crear | Villager (Male) |
| 20:31 | Crear | Villager (Male) |
| 20:31 | Crear | Villager (Male) |
| 20:31 | Crear | Villager (Male) |
| 20:32 | Crear | Villager (Male) |
| 20:35 | Investigar | Wheelbarrow |
| 20:50 | Investigar | Bow Saw |
| 20:53 | Crear | Villager (Male) |
| 21:00 | Crear | Villager (Male) |
| 21:16 | Crear | Villager (Male) |
| 21:16 | Crear | Villager (Male) |
| 21:17 | Crear | Villager (Male) |
| 21:21 | Crear | Villager (Male) |
| 21:28 | Construir | Farm |
| 21:28 | Construir | Farm |
| 21:28 | Construir | Farm |
| 21:41 | Construir | Monastery |
| 21:51 | Crear | Villager (Male) |
| 21:59 | Construir | Farm |
| 22:17 | Crear | Villager (Male) |
| 22:35 | Crear | Monk |
| 22:43 | Crear | Villager (Male) |
| 22:44 | Crear | Villager (Male) |
| 22:52 | Construir | Farm |
| 22:58 | Construir | Farm |
| 23:01 | Construir | Farm |
| 23:17 | Crear | Villager (Male) |
| 23:17 | Crear | Villager (Male) |
| 23:23 | Construir | Farm |
| 23:23 | Construir | Farm |
| 23:29 | Construir | Farm |
| 23:29 | Construir | Farm |
| 23:52 | Crear | Villager (Male) |
| 23:52 | Crear | Villager (Male) |
| 23:53 | Crear | Villager (Male) |
| 23:57 | Crear | Villager (Male) |
| 24:13 | Construir | Castle |
| 24:21 | Crear | Villager (Male) |
| 24:22 | Crear | Villager (Male) |
| 24:27 | Construir | House |
| 24:30 | Construir | House |
| 24:33 | Construir | House |
| 24:34 | Crear | Villager (Male) |
| 24:35 | Crear | Villager (Male) |
| 24:43 | Construir | Farm |
| 24:44 | Construir | Farm |
| 24:44 | Construir | Farm |
| 24:44 | Construir | Farm |
| 24:45 | Construir | Farm |
| 24:51 | Construir | House |
| 24:54 | Construir | Farm |
| 24:55 | Construir | Farm |
| 24:59 | Investigar | Heavy Plow |
| 25:21 | Crear | Villager (Male) |
| 25:21 | Crear | Villager (Male) |
| 25:22 | Crear | Villager (Male) |
| 25:52 | Crear | Trade Cart |
| 25:53 | Crear | Trade Cart |
| 25:53 | Crear | Trade Cart |
| 25:53 | Crear | Trade Cart |
| 25:59 | Construir | Farm |
| 26:04 | Crear | Villager (Male) |
| 26:05 | Crear | Villager (Male) |
| 26:05 | Crear | Villager (Male) |
| 26:05 | Crear | Villager (Male) |
| 26:05 | Crear | Villager (Male) |
| 26:06 | Crear | Villager (Male) |
| 26:12 | Construir | Farm |
Build order — Bordie
Primeras 150 de 259 acciones detectadas
| 0:00 | Crear | Villager (Male) ×4 |
| 0:02 | Construir | House |
| 0:03 | Construir | House |
| 1:34 | Crear | Villager (Male) |
| 1:59 | Crear | Villager (Male) |
| 2:37 | Crear | Villager (Male) |
| 2:37 | Crear | Villager (Male) |
| 2:37 | Crear | Villager (Male) |
| 2:38 | Crear | Villager (Male) |
| 2:38 | Crear | Villager (Male) |
| 3:04 | Construir | Lumber Camp |
| 3:19 | Crear | Villager (Male) |
| 3:20 | Crear | Villager (Male) |
| 3:31 | Construir | House |
| 3:32 | Construir | House |
| 3:53 | Crear | Villager (Male) |
| 4:10 | Crear | Villager (Male) |
| 4:24 | Construir | House |
| 4:31 | Crear | Villager (Male) |
| 4:31 | Crear | Villager (Male) |
| 5:12 | Crear | Villager (Male) |
| 5:12 | Crear | Villager (Male) |
| 5:32 | Investigar | Loom |
| 5:56 | Crear | Villager (Male) |
| 5:56 | Crear | Villager (Male) |
| 6:04 | Construir | Mill |
| 6:26 | Crear | Villager (Male) |
| 6:52 | Crear | Villager (Male) |
| 6:55 | Crear | Villager (Male) |
| 7:23 | Crear | Villager (Male) |
| 7:24 | Crear | Villager (Male) |
| 7:30 | Construir | Mining Camp |
| 8:07 | Investigar | Feudal Age |
| 10:17 | Edad | Edad Feudal |
| 10:23 | Construir | Market |
| 10:24 | Construir | Blacksmith |
| 10:43 | Construir | Stone Wall |
| 10:58 | Crear | Villager (Male) |
| 10:58 | Crear | Villager (Male) |
| 11:43 | Crear | Villager (Male) |
| 12:11 | Construir | Stone Wall |
| 12:19 | Crear | Villager (Male) |
| 12:23 | Investigar | Wheelbarrow |
| 12:26 | Construir | House |
| 13:33 | Investigar | Castle Age |
| 13:40 | Investigar | Double-Bit Axe |
| 14:32 | Investigar | Horse Collar |
| 15:27 | Crear | Villager (Male) |
| 15:27 | Crear | Villager (Male) |
| 16:11 | Crear | Villager (Male) |
| 16:18 | Edad | Edad de los Castillos |
| 16:20 | Investigar | Bow Saw |
| 16:20 | Investigar | Heavy Plow |
| 16:34 | Construir | Monastery |
| 16:58 | Construir | House |
| 16:59 | Construir | House |
| 17:02 | Construir | House |
| 17:08 | Construir | Farm |
| 17:09 | Construir | Farm |
| 17:26 | Construir | Farm |
| 17:27 | Construir | Farm |
| 17:28 | Crear | Villager (Male) |
| 17:51 | Construir | Farm |
| 17:55 | Construir | Farm |
| 17:57 | Crear | Villager (Male) |
| 18:15 | Crear | Villager (Male) |
| 18:22 | Crear | Monk |
| 18:30 | Construir | Farm |
| 18:47 | Crear | Villager (Male) |
| 18:51 | Construir | Farm |
| 18:51 | Construir | Farm |
| 18:59 | Construir | Farm |
| 19:07 | Construir | Farm |
| 19:12 | Crear | Villager (Male) |
| 19:16 | Construir | Farm |
| 19:30 | Crear | Villager (Male) |
| 19:32 | Construir | Farm |
| 19:35 | Construir | Farm |
| 19:38 | Crear | Villager (Male) |
| 19:43 | Construir | Farm |
| 20:06 | Construir | Mill |
| 20:07 | Construir | Farm |
| 20:19 | Crear | Villager (Male) |
| 20:23 | Construir | Farm |
| 20:53 | Crear | Villager (Male) |
| 20:58 | Construir | Siege Workshop |
| 21:31 | Investigar | Imperial Age |
| 21:31 | Investigar | Imperial Age |
| 21:43 | Construir | Barracks |
| 21:49 | Investigar | Padded Archer Armor |
| 22:07 | Construir | Farm |
| 22:24 | Construir | Archery Range |
| 22:33 | Investigar | Leather Archer Armor |
| 22:41 | Construir | Farm |
| 23:08 | Construir | Archery Range |
| 23:19 | Construir | House |
| 23:27 | Construir | Palisade Wall |
| 23:39 | Construir | House |
| 23:40 | Construir | House |
| 23:43 | Crear | Villager (Male) |
| 23:44 | Crear | Villager (Male) |
| 24:41 | Edad | Edad Imperial |
| 24:42 | Crear | Hand Cannoneer ×5 |
| 24:43 | Crear | Bombard Cannon |
| 25:13 | Crear | Villager (Male) |
| 25:14 | Investigar | Gold Mining |
| 25:29 | Crear | Bombard Cannon |
| 25:35 | Crear | Villager (Male) |
| 25:39 | Crear | Hand Cannoneer ×3 |
| 25:44 | Investigar | Gold Shaft Mining |
| 25:45 | Investigar | Gold Shaft Mining |
| 25:50 | Crear | Hand Cannoneer ×2 |
| 26:17 | Crear | Hand Cannoneer |
| 26:17 | Crear | Hand Cannoneer |
| 26:33 | Crear | Bombard Cannon |
| 26:34 | Crear | Villager (Male) |
| 26:39 | Construir | House |
| 26:39 | Construir | House |
| 26:40 | Construir | House |
| 26:40 | Construir | House |
| 26:40 | Construir | House |
| 26:40 | Construir | House |
| 26:40 | Construir | House |
| 26:40 | Construir | House |
| 26:41 | Construir | House |
| 26:56 | Construir | House |
| 26:57 | Construir | House |
| 27:08 | Crear | Hand Cannoneer |
| 27:09 | Crear | Hand Cannoneer |
| 27:13 | Crear | Villager (Male) |
| 27:27 | Crear | Hand Cannoneer |
| 27:28 | Crear | Villager (Male) |
| 27:39 | Investigar | Ring Archer Armor |
| 27:47 | Construir | Mining Camp |
| 27:48 | Crear | Villager (Male) |
| 28:14 | Crear | Villager (Male) |
| 28:18 | Crear | Hand Cannoneer |
| 28:18 | Crear | Hand Cannoneer |
| 28:21 | Investigar | Hand Cart |
| 28:31 | Crear | Hand Cannoneer |
| 28:31 | Crear | Hand Cannoneer |
| 28:32 | Crear | Villager (Male) |
| 28:32 | Crear | Villager (Male) |
| 29:14 | Crear | Hand Cannoneer |
| 29:15 | Investigar | Stone Mining |
| 29:20 | Construir | Farm |
| 29:30 | Construir | Stable |
| 29:31 | Construir | Stable |
| 29:35 | Construir | House |
| 29:37 | Construir | House |
Build order — Squid
Primeras 150 de 269 acciones detectadas
| 0:03 | Crear | Villager (Male) |
| 0:04 | Crear | Villager (Male) |
| 0:04 | Crear | Villager (Male) |
| 0:05 | Construir | House |
| 0:33 | Construir | House |
| 1:03 | Construir | Palisade Wall |
| 1:11 | Crear | Villager (Male) |
| 1:39 | Crear | Villager (Male) |
| 2:54 | Crear | Villager (Male) |
| 2:54 | Crear | Villager (Male) |
| 3:19 | Construir | Lumber Camp |
| 3:27 | Crear | Villager (Male) |
| 4:09 | Crear | Villager (Male) |
| 4:09 | Crear | Villager (Male) |
| 5:11 | Construir | Mill |
| 5:20 | Crear | Villager (Male) |
| 5:21 | Crear | Villager (Male) |
| 7:14 | Construir | Barracks |
| 8:14 | Investigar | Feudal Age |
| 8:38 | Crear | Villager (Male) |
| 8:38 | Crear | Villager (Male) |
| 8:58 | Crear | Militia |
| 9:12 | Construir | House |
| 9:14 | Construir | House |
| 9:17 | Construir | House |
| 9:36 | Crear | Militia |
| 9:38 | Crear | Militia |
| 10:17 | Construir | Mining Camp |
| 10:24 | Edad | Edad Feudal |
| 11:01 | Crear | Villager (Male) |
| 11:21 | Construir | Farm |
| 11:42 | Investigar | Double-Bit Axe |
| 11:56 | Construir | Stone Wall |
| 12:09 | Crear | Villager (Male) |
| 12:32 | Crear | Villager (Male) |
| 13:05 | Construir | Archery Range |
| 13:15 | Crear | Villager (Male) |
| 13:16 | Crear | Villager (Male) |
| 13:23 | Construir | Farm |
| 13:45 | Crear | Villager (Male) |
| 13:57 | Crear | Spearman |
| 14:08 | Construir | House |
| 14:18 | Investigar | Horse Collar |
| 14:31 | Construir | House |
| 14:32 | Construir | House |
| 14:34 | Construir | House |
| 14:35 | Construir | House |
| 14:40 | Crear | Villager (Male) |
| 15:02 | Construir | Farm |
| 15:05 | Crear | Villager (Male) |
| 15:18 | Crear | Archer |
| 15:18 | Crear | Archer |
| 15:25 | Crear | Skirmisher |
| 15:32 | Crear | Villager (Male) |
| 15:33 | Crear | Villager (Male) |
| 15:39 | Construir | Farm |
| 15:41 | Construir | Farm |
| 15:47 | Construir | Farm |
| 15:52 | Construir | Farm |
| 15:55 | Construir | Farm |
| 15:57 | Construir | Farm |
| 16:09 | Construir | Farm |
| 16:31 | Construir | Farm |
| 16:35 | Crear | Villager (Male) |
| 16:36 | Crear | Villager (Male) |
| 17:01 | Investigar | Man-at-Arms (upgrade) |
| 17:03 | Crear | Militia |
| 17:07 | Crear | Villager (Male) |
| 17:10 | Construir | Farm |
| 17:33 | Construir | Farm |
| 17:58 | Construir | Market |
| 18:30 | Construir | Blacksmith |
| 19:00 | Crear | Archer |
| 19:01 | Crear | Archer |
| 19:02 | Crear | Archer |
| 19:59 | Crear | Trade Cart |
| 20:28 | Crear | Villager (Male) |
| 20:48 | Crear | Villager (Male) |
| 21:20 | Investigar | Castle Age |
| 21:47 | Construir | Outpost |
| 21:54 | Construir | Outpost |
| 21:56 | Construir | Outpost |
| 22:12 | Construir | House |
| 22:14 | Construir | House |
| 22:16 | Construir | House |
| 22:17 | Construir | House |
| 22:18 | Construir | House |
| 22:19 | Construir | House |
| 22:20 | Construir | House |
| 22:22 | Construir | House |
| 22:24 | Construir | House |
| 22:25 | Construir | House |
| 22:28 | Construir | House |
| 22:30 | Construir | House |
| 22:31 | Construir | House |
| 22:32 | Construir | House |
| 22:34 | Construir | House |
| 22:35 | Construir | House |
| 22:40 | Crear | Militia |
| 22:40 | Crear | Militia |
| 22:47 | Crear | Archer |
| 22:47 | Crear | Archer |
| 22:49 | Crear | Skirmisher |
| 22:49 | Crear | Skirmisher |
| 23:18 | Crear | Villager (Male) |
| 23:19 | Crear | Villager (Male) |
| 23:24 | Crear | Villager (Male) |
| 23:25 | Crear | Villager (Male) |
| 23:59 | Crear | Militia |
| 24:00 | Crear | Militia |
| 24:00 | Edad | Edad de los Castillos |
| 24:01 | Crear | Militia |
| 24:35 | Construir | Town Center |
| 25:04 | Construir | Mining Camp |
| 25:26 | Crear | Villager (Male) |
| 25:26 | Crear | Villager (Male) |
| 25:28 | Crear | Villager (Male) |
| 25:28 | Crear | Villager (Male) |
| 25:43 | Construir | Farm |
| 25:46 | Construir | Farm |
| 25:50 | Crear | Villager (Male) |
| 25:51 | Crear | Villager (Male) |
| 26:27 | Crear | Villager (Male) |
| 26:28 | Crear | Villager (Male) |
| 26:28 | Crear | Villager (Male) |
| 26:28 | Crear | Villager (Male) |
| 26:33 | Investigar | Town Watch |
| 26:34 | Crear | Villager (Male) |
| 26:35 | Crear | Villager (Male) |
| 26:38 | Construir | Farm |
| 26:55 | Crear | Militia |
| 26:55 | Crear | Militia |
| 26:58 | Crear | Skirmisher |
| 27:05 | Construir | Mining Camp |
| 27:20 | Construir | Farm |
| 27:24 | Construir | Farm |
| 27:32 | Crear | Villager (Male) |
| 27:32 | Crear | Villager (Male) |
| 27:38 | Construir | Farm |
| 27:55 | Crear | Trade Cart |
| 28:12 | Crear | Trade Cart |
| 28:49 | Construir | Farm |
| 29:10 | Construir | Farm |
| 29:15 | Construir | Farm |
| 29:19 | Construir | Farm |
| 30:56 | Construir | Castle |
| 31:09 | Investigar | Pikeman (upgrade) |
| 31:10 | Crear | Spearman |
| 31:10 | Crear | Spearman |
| 31:11 | Crear | Spearman |
Build order — TheHam
Primeras 150 de 528 acciones detectadas
| 0:03 | Crear | Villager (Male) |
| 0:03 | Crear | Villager (Male) |
| 0:03 | Crear | Villager (Male) |
| 0:03 | Crear | Villager (Male) |
| 0:04 | Crear | Villager (Male) |
| 0:04 | Crear | Villager (Male) |
| 0:04 | Crear | Villager (Male) |
| 0:06 | Construir | House |
| 0:13 | Construir | House |
| 1:31 | Crear | Villager (Male) |
| 1:32 | Crear | Villager (Male) |
| 1:32 | Crear | Villager (Male) |
| 1:32 | Crear | Villager (Male) |
| 2:05 | Crear | Villager (Male) |
| 2:06 | Crear | Villager (Male) |
| 2:17 | Construir | Lumber Camp |
| 2:21 | Crear | Villager (Male) |
| 2:32 | Investigar | Loom |
| 2:50 | Crear | Villager (Male) |
| 2:50 | Crear | Villager (Male) |
| 2:51 | Crear | Villager (Male) |
| 2:51 | Crear | Villager (Male) |
| 3:34 | Crear | Villager (Male) |
| 3:50 | Crear | Villager (Male) |
| 3:50 | Crear | Villager (Male) |
| 3:53 | Construir | House |
| 4:10 | Crear | Villager (Male) |
| 4:55 | Crear | Villager (Male) |
| 5:30 | Crear | Villager (Male) |
| 6:09 | Construir | House |
| 6:14 | Crear | Villager (Male) |
| 6:22 | Crear | Villager (Male) |
| 6:45 | Crear | Villager (Male) |
| 7:18 | Crear | Villager (Male) |
| 7:31 | Construir | Mill |
| 7:53 | Crear | Villager (Male) |
| 8:06 | Construir | Mill |
| 8:23 | Crear | Villager (Male) |
| 8:24 | Crear | Villager (Male) |
| 8:24 | Crear | Villager (Male) |
| 8:55 | Construir | Mining Camp |
| 9:18 | Investigar | Feudal Age |
| 10:07 | Construir | House |
| 10:10 | Construir | House |
| 10:46 | Crear | Villager (Male) |
| 10:46 | Crear | Villager (Male) |
| 11:28 | Edad | Edad Feudal |
| 11:59 | Construir | Market |
| 12:05 | Construir | Farm |
| 12:07 | Construir | Farm |
| 12:08 | Construir | Farm |
| 12:10 | Construir | Farm |
| 12:11 | Construir | Farm |
| 12:13 | Construir | Farm |
| 12:15 | Construir | Farm |
| 12:17 | Crear | Villager (Male) |
| 12:23 | Construir | Blacksmith |
| 12:43 | Crear | Villager (Male) |
| 12:55 | Crear | Villager (Male) |
| 13:04 | Construir | Farm |
| 13:06 | Construir | Farm |
| 13:17 | Construir | Farm |
| 13:25 | Crear | Villager (Male) |
| 13:37 | Construir | Farm |
| 14:02 | Construir | Farm |
| 14:07 | Investigar | Castle Age |
| 14:36 | Investigar | Double-Bit Axe |
| 14:43 | Construir | Mining Camp |
| 14:52 | Investigar | Stone Mining |
| 15:07 | Construir | House |
| 15:11 | Construir | House |
| 15:34 | Crear | Villager (Male) |
| 15:35 | Crear | Villager (Male) |
| 15:35 | Crear | Villager (Male) |
| 15:58 | Investigar | Gold Mining |
| 16:04 | Crear | Villager (Male) |
| 16:04 | Crear | Villager (Male) |
| 16:25 | Crear | Villager (Male) |
| 16:25 | Crear | Villager (Male) |
| 16:47 | Edad | Edad de los Castillos |
| 16:53 | Construir | Town Center |
| 16:57 | Crear | Villager (Male) |
| 16:57 | Crear | Villager (Male) |
| 17:47 | Construir | Town Center |
| 17:51 | Crear | Villager (Male) |
| 17:52 | Crear | Villager (Male) |
| 17:52 | Crear | Villager (Male) |
| 17:52 | Crear | Villager (Male) |
| 17:52 | Crear | Villager (Male) |
| 17:53 | Crear | Villager (Male) |
| 17:53 | Crear | Villager (Male) |
| 17:53 | Crear | Villager (Male) |
| 17:53 | Crear | Villager (Male) |
| 17:54 | Crear | Villager (Male) |
| 18:37 | Crear | Villager (Male) |
| 18:38 | Crear | Villager (Male) |
| 18:38 | Crear | Villager (Male) |
| 18:38 | Crear | Villager (Male) |
| 18:38 | Crear | Villager (Male) |
| 18:39 | Crear | Villager (Male) |
| 19:07 | Construir | Town Center |
| 19:10 | Crear | Villager (Male) |
| 19:10 | Crear | Villager (Male) |
| 19:10 | Crear | Villager (Male) |
| 19:11 | Crear | Villager (Male) |
| 19:11 | Crear | Villager (Male) |
| 19:11 | Crear | Villager (Male) |
| 19:34 | Crear | Villager (Male) |
| 19:35 | Crear | Villager (Male) |
| 19:44 | Crear | Villager (Male) |
| 19:44 | Crear | Villager (Male) |
| 19:45 | Crear | Villager (Male) |
| 19:45 | Crear | Villager (Male) |
| 20:19 | Crear | Villager (Male) |
| 20:20 | Crear | Villager (Male) |
| 20:20 | Crear | Villager (Male) |
| 20:20 | Crear | Villager (Male) |
| 20:20 | Crear | Villager (Male) |
| 20:21 | Crear | Villager (Male) |
| 20:25 | Construir | Farm |
| 20:26 | Construir | Farm |
| 20:28 | Construir | Farm |
| 20:30 | Construir | Farm |
| 20:32 | Construir | Farm |
| 20:34 | Construir | Farm |
| 20:36 | Construir | Farm |
| 20:38 | Construir | Farm |
| 20:41 | Crear | Villager (Male) |
| 20:41 | Crear | Villager (Male) |
| 20:41 | Crear | Villager (Male) |
| 20:42 | Crear | Villager (Male) |
| 20:50 | Crear | Villager (Male) |
| 20:50 | Crear | Villager (Male) |
| 20:50 | Crear | Villager (Male) |
| 20:50 | Crear | Villager (Male) |
| 20:59 | Construir | Farm |
| 21:02 | Construir | Farm |
| 21:03 | Construir | Farm |
| 21:05 | Construir | Farm |
| 21:07 | Construir | Farm |
| 21:11 | Construir | Farm |
| 21:14 | Construir | Farm |
| 21:16 | Crear | Villager (Male) |
| 21:16 | Crear | Villager (Male) |
| 21:17 | Crear | Villager (Male) |
| 21:17 | Crear | Villager (Male) |
| 21:17 | Crear | Villager (Male) |
| 21:24 | Construir | House |
| 21:27 | Construir | House |
| 21:29 | Construir | House |
Cronología de la partida
| 1:03 | Squid · wall_segment Palisade Wall x10 |
| 2:05 | SEGETT33 · wall_segment Palisade Wall x18 |
| 6:13 | jfds · wall_segment Palisade Wall x8 |
| 7:14 | Squid · first_building Barracks |
| 10:17 | Bordie · age_up feudal |
| 10:24 | Squid · age_up feudal |
| 10:43 | Bordie · wall_segment Stone Wall x15 |
| 10:51 | Heini · wall_segment Palisade Wall x6 |
| 11:13 | Actionmah · age_up feudal |
| 11:28 | TheHam · age_up feudal |
| 11:28 | jfds · age_up feudal |
| 11:46 | Heini · age_up feudal |
| 11:56 | Squid · wall_segment Stone Wall x9 |
| 12:11 | Bordie · wall_segment Stone Wall x1 |
| 12:28 | caner · age_up feudal |
| 13:05 | SEGETT33 · age_up feudal |
| 13:05 | Squid · first_building Archery Range |
| 15:03 | Actionmah · first_market_buy 100 food |
| 15:12 | jfds · age_up castle |
| 16:18 | Bordie · age_up castle |
| 16:20 | Heini · first_building Barracks |
| 16:34 | Bordie · first_building Monastery |
| 16:47 | TheHam · age_up castle |
| 17:41 | SEGETT33 · wall_segment Stone Wall x57 |
| 17:49 | jfds · first_building Monastery |
| 17:57 | caner · age_up castle |
| 18:08 | Actionmah · age_up castle |
| 18:09 | SEGETT33 · wall_segment Stone Wall x10 |
| 18:14 | SEGETT33 · wall_segment Stone Wall x20 |
| 18:27 | Heini · age_up castle |
| 18:28 | Heini · first_building Archery Range |
| 18:36 | SEGETT33 · age_up castle |
| 20:07 | Heini · wall_segment Stone Wall x7 |
| 20:53 | jfds · first_market_buy 100 stone |
| 20:58 | Bordie · first_building Siege Workshop |
| 21:41 | Heini · first_building Monastery |
| 21:43 | Bordie · first_building Barracks |
| 22:14 | caner · first_building Castle |
| 22:24 | Bordie · first_building Archery Range |
| 23:27 | Bordie · wall_segment Palisade Wall x1 |
| 24:00 | Squid · age_up castle |
| 24:13 | Heini · first_building Castle |
| 24:19 | TheHam · first_building Monastery |
| 24:41 | Bordie · age_up imperial |
| 25:15 | caner · first_building Barracks |
| 25:27 | Bordie · first_market_sell 100 food |
| 25:29 | SEGETT33 · first_building Monastery |
| 25:37 | Actionmah · first_building Monastery |
| 25:40 | caner · first_building Monastery |
| 25:58 | jfds · wall_segment Stone Wall x8 |
| 25:59 | TheHam · first_building Castle |
| 26:05 | caner · first_building Archery Range |
| 27:00 | jfds · first_building Barracks |
| 27:19 | SEGETT33 · first_building Barracks |
| 27:37 | jfds · wall_segment Stone Wall x12 |
| 27:44 | jfds · first_building Stable |
| 27:46 | SEGETT33 · first_building Siege Workshop |
| 27:54 | TheHam · first_building Barracks |
| 29:26 | TheHam · first_building Stable |
| 29:29 | jfds · wall_segment Stone Wall x10 |
| 29:30 | Bordie · first_building Stable |
| 29:39 | SEGETT33 · first_building Castle |
| 29:41 | TheHam · age_up imperial |
| 29:46 | jfds · age_up imperial |
| 29:51 | jfds · first_building Siege Workshop |
| 30:09 | SEGETT33 · first_building Stable |
| 30:56 | Squid · first_building Castle |
| 31:11 | TheHam · first_building Siege Workshop |
| 31:13 | SEGETT33 · wall_segment Stone Wall x8 |
| 32:08 | caner · resign |
| 32:22 | jfds · wall_segment Stone Wall x12 |
| 33:02 | Heini · age_up imperial |
| 33:20 | jfds · first_building Castle |
| 33:56 | Actionmah · first_building Barracks |
| 34:41 | Squid · wall_segment Stone Wall x12 |
| 34:59 | jfds · first_market_sell 500 wood |
| 35:20 | Actionmah · age_up imperial |
| 35:40 | Actionmah · first_building Castle |
| 36:10 | SEGETT33 · wall_segment Stone Wall x11 |
| 37:08 | Actionmah · first_building Stable |
| 37:13 | SEGETT33 · wall_segment Stone Wall x13 |
| 37:44 | jfds · wall_segment Stone Wall x7 |
| 37:45 | Bordie · first_building Castle |
| 38:13 | jfds · wall_segment Stone Wall x11 |
| 39:06 | SEGETT33 · wall_segment Stone Wall x13 |
| 39:07 | jfds · wall_segment Stone Wall x13 |
| 39:41 | TheHam · first_market_buy 100 stone |
| 39:58 | Squid · wall_segment Stone Wall x14 |
| 40:25 | Squid · wall_segment Stone Wall x7 |
| 40:26 | jfds · wall_segment Stone Wall x9 |
| 40:32 | Squid · wall_segment Stone Wall x11 |
| 40:46 | Squid · first_market_buy 100 food |
| 40:50 | Bordie · first_market_buy 100 wood |
| 41:08 | Heini · first_building Siege Workshop |
| 42:01 | Squid · wall_segment Stone Wall x23 |
| 42:39 | Actionmah · first_building Siege Workshop |
| 43:47 | Squid · wall_segment Stone Wall x8 |
[ ANÁLISIS IA · 1 CRÉDITO ]
¿Qué pasó realmente en esta partida?
Wolo.gg analiza cada decisión: build order, eco, micro, errores típicos por bracket. Análisis personalizado por WhatsApp o Discord en 30 segundos.
Guía civ
Persas
Guía mapa
Black Forest
Perfil
Jugador #1481097